 Dungeon Crawl Stone Soup version 0.26-a0-610-g3e9335bbc7 (webtiles) character file.

Game seed: 7857075961727377402

67046 3ofblades the Fighter (level 15, -11/159 HPs)
             Began as an Ogre Ice Elementalist on Sept 3, 2020.
             Was an Elder of Ashenzari.
             Mangled by a spatial maelstrom (18 damage)
             ... on level 2 of the Abyss.
             The game lasted 01:06:55 (34193 turns).

3ofblades the Fighter (Ogre Ice Elementalist)      Turns: 34193, Time: 01:06:55

Health: -11/159    AC:  6    Str: 13 (14) XL:     15   Next: 21%
Magic:  21/21      EV: 16    Int: 17      God:    Ashenzari [****..]
Gold:   253        SH:  0    Dex:  5      Spells: 2/37 levels left

rFire    + + +     SeeInvis +   S - +11 long sword "Zueh Izu" {elec, +Rage rElec rPois rF+} (curse)
rCold    + . .     Faith    .   (no shield)
rNeg     . . .     Spirit   .   K - +2 robe {rF+} (curse)
rPois    +         Reflect  .   y - +2 hat (curse)
rElec    +         Harm     .   m - scarf {rC+ rF+} (curse)
rCorr    .         Clarity  +   (gloves unavailable)
MR       +....                  (boots unavailable)
Stlth    ++........             (no amulet)
HPRegen  0.36/turn              D - +4 ring of evasion (curse)
MPRegen  0.17/turn              p - ring of wizardry (curse)

@: about to teleport
A: large, unfitting armour, antennae 1, [berserk 3], clarity, [clumsy 2],
deformed body, [deterioration 2], [dopey 2], [low mp 3], strong 1, tough skin 1,
[weak 2], [subdued magic 3], MP-powered wands
a: Curse Item, Scrying, Renounce Religion, Evoke Berserk Rage


You were on level 2 of the Abyss.
You worshipped Ashenzari.
Ashenzari was greatly pleased with you.
You visited 4 branches of the dungeon, and saw 21 of its levels.
You visited the Abyss 1 time.

You collected 1973 gold pieces.
You spent 1720 gold pieces at shops.

Inventory:

Hand Weapons
 h - a +1 dagger of venom
 q - a +0 scimitar
 S - the cursed +11 long sword "Zueh Izu" (weapon) {elec, +Rage rElec rPois rF+}
   (You bought it in a shop on level 2 of the Orcish Mines)

   Occasionally, upon striking a foe, it will discharge some electrical energy
   and cause terrible harm.
   It protects you from fire.
   It insulates you from electricity.
   It protects you from poison.
   It lets you go berserk.
   It has a curse placed upon it.
Armour
 m - a cursed scarf of resistance (worn)
 y - a cursed +2 hat (worn)
 K - a cursed +2 robe of fire resistance (worn)
Jewellery
 f - an uncursed ring of resist corrosion
 p - a cursed ring of wizardry (right hand)
 s - a +6 ring of strength
 D - a cursed +4 ring of evasion (left hand)
 F - an uncursed ring of flight
Wands
 e - a wand of disintegration (36)
 u - a wand of paralysis (30)
 G - a wand of polymorph (12)
 J - a wand of acid (7)
 L - a wand of flame (39)
 O - a wand of iceblast (17)
Scrolls
 a - 4 scrolls of identify
 b - 3 scrolls of teleportation
 k - 3 scrolls of blinking
 n - 5 scrolls of enchant weapon
 w - 2 scrolls of fear
 x - 4 scrolls of magic mapping
 A - 2 scrolls of fog
 B - 3 scrolls of enchant armour
 C - a scroll of holy word
 E - 4 scrolls of amnesia
 H - 3 scrolls of remove curse
 M - a scroll of summoning
Potions
 c - 3 potions of heal wounds
 d - 3 potions of resistance
 g - a potion of invisibility
 i - 2 potions of magic
 j - 4 potions of haste
 l - 2 potions of stabbing
 r - 5 potions of curing
 t - 2 potions of lignification
 v - a potion of berserk rage
 z - 6 potions of brilliance
 I - a potion of might
 N - 7 potions of ambrosia
 Q - 2 potions of flight
Miscellaneous
 o - a tin of tremorstones (3/3)
 R - a box of beasts (3/3)


   Skills:
 - Level 13.1 Fighting
 - Level 0.1(6.3) Short Blades
 - Level 10.1(13.3) Long Blades
 - Level 9.7(13.0) Dodging
 - Level 1.4(3.6) Stealth
 - Level 11.5 Spellcasting
 - Level 6.4(8.8) Conjurations
 - Level 3.0(5.0) Summonings
 + Level 4.4(6.6) Necromancy
 - Level 2.0(3.7) Translocations
 - Level 8.7(11.0) Ice Magic
 - Level 8.3(10.6) Air Magic
 - Level 2.0(3.7) Poison Magic
 - Level 4.2(6.4) Evocations


You had 2 spell levels left.
You knew the following spells:

 Your Spells              Type           Power        Failure   Level
a - Freeze                Ice            ###.         0%          1
b - Frozen Ramparts       Ice            ###...       1%          3
c - Ozocubu's Armour      Ice            ###.....     1%          3
d - Summon Ice Beast      Ice/Summ       ###.....     1%          4
e - Blink                 Tloc           N/A          1%          2
f - Mephitic Cloud        Conj/Pois/Air  ###.....     1%          3
g - Apportation           Tloc           ##....       1%          1
h - Summon Lightning Spi  Summ/Air       ###.....     1%          4
i - Conjure Ball Lightni  Conj/Air       ###.......   4%          6
j - Infestation           Necr           ###.......   100%        8

Your spell library contained the following spells:

 Spells                   Type           Power        Failure   Level
 Magic Dart               Conj           ###.         0%          1
 Animate Skeleton         Necr           ###...       1%          1
 Corona                   Hex            #......      1%          1
 Summon Small Mammal      Summ           ##..         1%          1
 Call Imp                 Summ           ##......     1%          2
 Slow                     Hex            #.......     1%          2
 Conjure Flame            Conj/Fire      ##......     1%          3
 Hailstorm                Conj/Ice       ###.....     1%          4
 Silence                  Hex/Air        ##........   5%          5
 Haunt                    Necr/Summ      ###.......   85%         7
 Borgnjor's Revivificati  Necr           ###.......   100%        8
 Necromutation            Tmut/Necr      ##........   100%        8
 Death's Door             Necr           ###.......   100%        9
 Tornado                  Air            ###.......   100%        9


Dungeon Overview and Level Annotations

Branches:
Dungeon (12/15)            Temple (1/1) D:6            Lair (6/6) D:11
 Shoals (0/4) Lair:4       Spider (0/4) Lair:2        Slime (0/5) Lair:6
    Orc (2/2) D:10            Elf (0/3) Orc:2

Altars:
Ashenzari
Cheibriados
Dithmenos
Elyvilon
Fedhas
Gozag
Hepliaklqana
Kikubaaqudgha
Makhleb
Nemelex Xobeh
Okawaru
Qazlal
Ru
Sif Muna
Trog
Uskayaw
Vehumet
Wu Jian
Xom
Yredelemnul
Zin
The Shining One
Beogh

Shops:
D:7 *   D:10 [   D:11 [   D:12 !   Orc:2 ([(*(

Portals:
Hell: Lair:6

Annotations:
D:12 Erolcha
Lair:3 Rupert


Innate Abilities, Weirdness & Mutations

You are too large for most types of armour.
You have tough skin. (AC +1)
You have a pair of small antennae on your head.
You possess an exceptional clarity of mind.
Armour fits poorly on your strangely shaped body.
Your muscles are strong. (Str +2)
You expend magic power (3 MP) to strengthen your wands.
[You have an uncontrollable temper.]
[You are very clumsy. (Dex -4)]
[Your body often deteriorates upon taking damage.]
[You are very dopey. (Int -4)]
[Your magical capacity is extremely low. (-30% MP)]
[You are very weak. (Str -4)]
[Your spells are much easier to cast, but much less powerful.]


Message History

Your ice beast disappears in a puff of smoke!
A large abomination comes into view.
You feel much better.
The spatial maelstrom hits you but does no damage.
The spatial maelstrom closely misses you.
An ancient zyme comes into view.
You feel yourself growing ill in the presence of the ancient zyme.
You feel a little less mighty now. The spatial maelstrom hits you!
* * * LOW HITPOINT WARNING * * *
Space bends around you.
* * * LOW HITPOINT WARNING * * *
The spatial maelstrom hits you!
* * * LOW HITPOINT WARNING * * *
Space bends around you.
* * * LOW HITPOINT WARNING * * *
The spatial maelstrom hits you.
* * * LOW HITPOINT WARNING * * *
Space warps horribly around you!!
You die...

,,,,,*..,* ##.♣,, *
.. , ,, , #.###...♣ .
, ,* .......♣ , *,
*,, ,,* *....x.♣*,,,*
{,. , , ,,,, #.....♣*
,,{, ,, ,, , ,
,##*#...# , , , {# *
, *, #.##..###♣ , # ,
, * ,#....#._♣♣ ,
###.. , ,, ,
#@v......♣♣♣##.... ,
, ,, ,#.............
... *
{#.................
,, ,
#..#X#..##.##..... #
,,, ,,
....##.####.##..##..#
, , ....#{..
*#######.##. **
,##..X... * ,*,,# .
#, **,, * #....... ,
, .,., #* , , ,....
,*, ...,.,*


You could see a spatial maelstrom, an ancient zyme and a large abomination.

Vanquished Creatures
  A dire elephant (Lair:4)
  2 ogre magi (Orc:2)
  2 hydras
  A catoblepas (Lair:4)
  5 two-headed ogres
  Urug (Lair:3)
  2 sun demons
  3 wretched stars (Abyss:2)
  A wizard (Lair:6)
  A large abomination (Abyss:2)
  A deep elf mage (D:11)
  2 orc knights
  A cyclops (D:11)
  4 black mambas
  8 elephants
  A gargoyle (D:11)
  2 orange demons (Lair:6)
  10 cane toads
  A torpor snail (Lair:4)
  5 komodo dragons
  4 rime drakes
  A red devil (Lair:6)
  An ice devil (Lair:6)
  A meliai (Lair:4)
  5 trolls
  3 dream sheep (Lair:4)
  16 blink frogs
  13 hippogriffs
  Sigmund (D:3)
  3 wraiths
  A vampire (D:11)
  2 wyverns
  2 basilisks
  29 yaks
  A steam dragon (D:11)
  3 vampire mosquitoes
  3 wargs (Orc:1)
  An acid dragon (D:9)
  4 hell hounds (Lair:6)
  14 water moccasins
  9 porcupines
  16 orc warriors
  2 sky beasts
  3 ice beasts
  2 black bears
  2 necrophages
  35 wolves
  4 centaurs
  14 ogres
  14 crocodiles
  2 big kobolds
  19 bullfrogs
  6 scorpions
  14 killer bees
  2 howler monkeys (D:7)
  2 electric eels (Lair:4)
  9 orc priests
  6 jellies
  2 centaur zombies
  8 hounds
  6 centaur skeletons
  3 iguanas
  Ijyb (D:4)
  11 orc wizards
  11 worker ants
  A hound skeleton (D:4)
  2 worker ant zombies
  11 adders
  3 gnolls (D:7)
  4 river rats (D:4)
  A howler monkey skeleton (D:4)
  A shadow imp (D:5)
  4 ufetubi
  3 oozes
  An adder zombie (D:9)
  2 adder skeletons
  6 worms
  3 dart slugs
  2 leopard geckos
  60 orcs
  2 ball pythons
  8 bats
  A giant cockroach (D:1)
  3 hobgoblins (D:2)
  16 jackals
  6 quokkas
  2 frilled lizards
  5 goblins
  A jackal skeleton (D:4)
  18 kobolds
  A quokka skeleton (D:9)
  9 rats
541 creatures vanquished.

Vanquished Creatures (collateral kills)
  Josephine (Orc:2)
  2 ogre magi (Orc:2)
  5 hydras
  A centaur warrior (D:11)
  11 two-headed ogres
  An oklob plant (Lair:5)
  2 elephants (Lair:6)
  A centaur zombie (D:11)
  3 cane toads
  2 komodo dragons
  A hellwing (Lair:6)
  An ice devil (Lair:6)
  2 meliai (Lair:4)
  A polar bear (Lair:3)
  A troll (Orc:2)
  A queen bee (Lair:4)
  A jumping spider (Lair:2)
  Prince Ribbit (D:5)
  3 dream sheep (Lair:4)
  A hippogriff (D:11)
  4 blink frogs (Lair:6)
  A wraith (Orc:1)
  11 yaks
  A basilisk (Lair:6)
  3 vampire mosquitoes (D:10)
  2 wargs
  A hell hound (Lair:6)
  5 orc warriors
  A phantom (D:10)
  2 wolves (Lair:1)
  11 ogres
  A centaur (D:10)
  4 crocodiles
  A wyvern zombie (D:9)
  7 killer bees (Lair:4)
  A hound (D:7)
  4 orc priests
  A jelly (D:11)
  An iguana (D:11)
  4 orc wizards
  A bullfrog skeleton (D:7)
  An adder zombie (D:5)
  12 orcs
122 creatures vanquished.

Vanquished Creatures (others)
  A bullfrog (D:11)
  18 ball lightnings
  30 fungi
  28 plants
  4 toadstools (Lair:4)
81 creatures vanquished.

Grand Total: 744 creatures vanquished

Notes
Turn   | Place    | Note
-------+----------+-------------------------------------------
     0 | D:1      | 3ofblades the Ogre Ice Elementalist began the quest for the
                  | Orb.
     0 | D:1      | Reached XP level 1. HP: 16/16 MP: 3/3
   196 | D:1      | Reached XP level 2. HP: 24/24 MP: 1/5
   655 | D:1      | Reached XP level 3. HP: 31/31 MP: 3/6
  1309 | D:1      | Learned a level 3 spell: Frozen Ramparts
  1443 | D:2      | Reached skill level 5 in Ice Magic
  1443 | D:2      | Reached XP level 4. HP: 35/39 MP: 0/7
  1717 | D:2      | Found a sacrificial altar of Ru.
  1746 | D:2      | Found a faded altar of an unknown god.
  1952 | D:2      | Learned a level 3 spell: Ozocubu's Armour
  2129 | D:3      | Noticed Sigmund
  2154 | D:3      | Killed Sigmund
  2154 | D:3      | Reached skill level 5 in Spellcasting
  2154 | D:3      | Reached XP level 5. HP: 35/45 MP: 2/12
  2154 | D:3      | Reached XP level 6. HP: 41/53 MP: 2/13
  2696 | D:3      | Learned a level 4 spell: Summon Ice Beast
  2937 | D:4      | Reached skill level 1 in Summonings
  3040 | D:4      | Found a burning altar of Makhleb.
  3178 | D:4      | Noticed Ijyb
  3183 | D:4      | Killed Ijyb
  3721 | D:4      | Reached XP level 7. HP: 58/59 MP: 11/15
  4280 | D:5      | Entered Level 5 of the Dungeon
  4475 | D:5      | Noticed Prince Ribbit
  4492 | D:5      | Killed Prince Ribbit
  4495 | D:5      | Reached XP level 8. HP: 29/66 MP: 1/16
  5797 | D:6      | Found a shimmering blue altar of Sif Muna.
  6083 | D:6      | Reached skill level 1 in Fighting
  6243 | D:6      | Found a staircase to the Ecumenical Temple.
  6278 | Temple   | Entered the Ecumenical Temple
  6380 | Temple   | Became a worshipper of Ashenzari the Shackled
  6555 | D:6      | Reached skill level 2 in Fighting
  6670 | D:6      | Reached skill level 3 in Fighting
  6811 | D:7      | Reached skill level 4 in Fighting
  6815 | D:7      | Reached XP level 9. HP: 80/84 MP: 3/17
  6818 | D:7      | Reached skill level 5 in Fighting
  6854 | D:7      | Reached skill level 6 in Fighting
  6867 | D:7      | Reached skill level 7 in Fighting
  7551 | D:7      | Found a shadowy altar of Dithmenos.
  7582 | D:7      | Reached skill level 8 in Fighting
  7986 | D:7      | Found a hide-covered altar of Uskayaw.
  8023 | D:7      | Found Wacad's Assorted Antiques.
  8054 | D:7      | Reached skill level 9 in Fighting
  8126 | D:7      | Bought a scroll of identify for 46 gold pieces
  8126 | D:7      | Bought a sedimented coppery potion for 20 gold pieces
  8126 | D:7      | Bought a wooden ring for 115 gold pieces
  8126 | D:7      | Bought a scroll of identify for 46 gold pieces
  8126 | D:7      | Bought a small opal ring for 115 gold pieces
  8728 | D:8      | Found a glowing golden altar of the Shining One.
  8734 | D:7      | Found a radiant altar of Vehumet.
  8734 | D:7      | Found a hazy altar of Hepliaklqana.
  8734 | D:7      | Found a blossoming altar of Fedhas.
  8748 | D:8      | Reached skill level 10 in Fighting
  8909 | D:8      | Found a blossoming altar of Fedhas.
  9179 | D:8      | Reached skill level 11 in Fighting
  9215 | D:8      | Noticed a two-headed ogre
  9231 | D:8      | Killed a two-headed ogre
  9231 | D:8      | Reached XP level 10. HP: 112/112 MP: 1/18
  9821 | D:9      | Reached * piety under Ashenzari
 10261 | D:9      | Got the uncursed robe of the Demon Prince {+Inv rC+++
                  | Dex-5}
 10300 | D:9      | Reached skill level 5 in Dodging
 10311 | D:9      | Identified the +1 robe of the Demon Prince {+Inv rC+++
                  | Dex-5} (You found it on level 9 of the Dungeon)
 11332 | D:9      | Gained mutation: [You are dopey. (Int -2)] [potion of
                  | mutation]
 11332 | D:9      | Gained mutation: You possess an exceptional clarity of
                  | mind. [potion of mutation]
 11333 | D:9      | Lost mutation: You possess an exceptional clarity of mind.
                  | [potion of mutation]
 11333 | D:9      | Lost mutation: [You are dopey. (Int -2)] [potion of
                  | mutation]
 11333 | D:9      | Gained mutation: [Your magical capacity is low. (-10% MP)]
                  | [potion of mutation]
 11333 | D:9      | Gained mutation: You have a pair of small antennae on your
                  | head. [potion of mutation]
 11333 | D:9      | Gained mutation: [Your magical capacity is very low. (-20%
                  | MP)] [potion of mutation]
 11333 | D:9      | Gained mutation: You possess an exceptional clarity of
                  | mind. [potion of mutation]
 11334 | D:9      | Lost mutation: [Your magical capacity is very low. (-20%
                  | MP)] [potion of mutation]
 11334 | D:9      | Gained mutation: You expend magic power (3 MP) to
                  | strengthen your wands. [potion of mutation]
 11334 | D:9      | Lost mutation: [Your magical capacity is low. (-10% MP)]
                  | [potion of mutation]
 11334 | D:9      | Gained mutation: Armour fits poorly on your strangely
                  | shaped body. [potion of mutation]
 11334 | D:9      | Gained mutation: Your muscles are strong. (Str +2) [potion
                  | of mutation]
 11634 | D:10     | Entered Level 10 of the Dungeon
 11665 | D:10     | Learned a level 2 spell: Blink
 11669 | D:10     | Learned a level 3 spell: Mephitic Cloud
 12312 | D:10     | Reached skill level 1 in Conjurations
 12464 | D:10     | Reached skill level 1 in Translocations
 12464 | D:10     | Reached skill level 1 in Air Magic
 12464 | D:10     | Reached skill level 1 in Poison Magic
 12721 | D:10     | Found Viozy's Antique Armour Boutique.
 12727 | D:10     | Found an ancient bone altar of Kikubaaqudgha.
 12729 | D:10     | Bought a glowing robe for 85 gold pieces
 13024 | D:10     | Found a staircase to the Orcish Mines.
 13543 | D:11     | Reached XP level 11. HP: 120/120 MP: 4/20
 13823 | D:11     | Noticed a two-headed ogre
 13836 | D:11     | Killed a two-headed ogre
 14062 | D:11     | Noticed a centaur warrior
 14194 | D:11     | Noticed a cyclops
 14235 | D:11     | Killed a centaur warrior
 14321 | D:11     | Noticed a deep elf mage
 14356 | D:11     | Killed a deep elf mage
 14361 | D:11     | Killed a cyclops
 14584 | D:11     | Found Nuuseyj's Armour Boutique.
 15403 | D:11     | Found a staircase to the Lair.
 15719 | Orc:1    | Entered Level 1 of the Orcish Mines
 15719 | Orc:1    | Noticed an orc knight
 15732 | Orc:1    | Noticed an orc knight
 15737 | Orc:1    | Killed an orc knight
 15758 | D:10     | Killed an orc knight
 15947 | Orc:1    | Noticed a two-headed ogre
 15962 | D:10     | Killed a two-headed ogre
 16382 | Orc:2    | Entered Level 2 of the Orcish Mines
 16382 | Orc:2    | Found a roughly hewn altar of Beogh.
 16382 | Orc:2    | Noticed a two-headed ogre
 16431 | Orc:1    | Reached XP level 12. HP: 120/130 MP: 22/24
 16482 | Orc:1    | Killed a two-headed ogre
 16787 | Orc:2    | Noticed Josephine
 17054 | Orc:2    | Noticed a two-headed ogre
 17071 | Orc:1    | Reached skill level 5 in Conjurations
 17091 | Orc:1    | Killed a two-headed ogre
 17582 | Orc:2    | Noticed a two-headed ogre
 17587 | Orc:2    | Killed a two-headed ogre
 17638 | Orc:2    | Found a staircase to the Elven Halls.
 17737 | Orc:2    | Found Aqogukhla's Antique Weapon Emporium.
 17755 | Orc:2    | Noticed a two-headed ogre
 17764 | Orc:2    | Killed a two-headed ogre
 17767 | Orc:2    | Noticed a two-headed ogre
 17775 | Orc:2    | Killed a two-headed ogre
 17780 | Orc:2    | Noticed an ogre mage
 17780 | Orc:2    | Noticed an ogre mage
 17784 | Orc:2    | Paralysed by an ogre mage for 3 turns
 17790 | Orc:2    | Killed an ogre mage
 17791 | Orc:2    | Killed an ogre mage
 17798 | Orc:2    | Killed Josephine
 17801 | Orc:2    | Reached skill level 10 in Spellcasting
 18336 | Orc:2    | Noticed a two-headed ogre
 18345 | Orc:2    | Killed a two-headed ogre
 18345 | Orc:2    | Reached skill level 12 in Fighting
 18499 | Orc:2    | Noticed an ogre mage
 18502 | Orc:2    | Noticed a two-headed ogre
 18504 | Orc:2    | Noticed a two-headed ogre
 18511 | Orc:2    | Killed an ogre mage
 18520 | Orc:2    | Killed a two-headed ogre
 18534 | Orc:2    | Noticed a two-headed ogre
 18550 | Orc:2    | Killed a two-headed ogre
 18550 | Orc:2    | Reached skill level 13 in Fighting
 18556 | Orc:2    | Noticed an ogre mage
 18557 | Orc:2    | Noticed a two-headed ogre
 18570 | Orc:2    | Killed a two-headed ogre
 18974 | Orc:2    | Noticed a two-headed ogre
 18980 | Orc:2    | Killed a two-headed ogre
 19019 | Orc:2    | Noticed a two-headed ogre
 19028 | Orc:2    | Killed a two-headed ogre
 19028 | Orc:2    | Reached XP level 13. HP: 103/144 MP: 10/27
 19410 | Orc:2    | Found Riqust's Antique Weapon Shop.
 19410 | Orc:2    | Found Somik's Weapon Emporium.
 19411 | Orc:2    | Found Qomaptam's General Store.
 19411 | Orc:2    | Found Guptudiu's Armour Boutique.
 19607 | Lair:1   | Entered Level 1 of the Lair of Beasts
 19821 | Lair:1   | Reached ** piety under Ashenzari
 19834 | Lair:1   | Reached skill level 1 in Long Blades
 20343 | Lair:1   | Reached skill level 5 in Long Blades
 20487 | Lair:1   | Learned a level 1 spell: Apportation
 21661 | D:6      | Identified Sif Muna's Papyrus of the Compass
 21862 | Lair:2   | Found a hole to the Spider Nest.
 22125 | Lair:2   | Identified the +5 chain mail of the Morning Star {+Inv
                  | rCorr Str-4 Dex+5}
 23598 | Lair:3   | Noticed Rupert
 23977 | Lair:3   | Reached *** piety under Ashenzari
 24685 | Lair:4   | Found a staircase to the Shoals.
 25266 | Lair:4   | Noticed a dire elephant
 25286 | Lair:4   | Found a runed translucent door.
 25336 | Lair:4   | Reached XP level 14. HP: 153/153 MP: 14/29
 26968 | Lair:5   | Reached skill level 10 in Long Blades
 27176 | Lair:5   | Found a sacrificial altar of Ru.
 27383 | Lair:5   | Found a shattered altar of Ashenzari.
 27407 | Lair:5   | Reached skill level 1 in Evocations
 27443 | Lair:5   | Reached **** piety under Ashenzari
 27968 | Lair:3   | Noticed Urug
 27981 | Lair:3   | Killed Urug
 28637 | Orc:2    | Bought the +11 long sword "Zueh Izu" {elec, +Rage rElec
                  | rPois rF+} for 1293 gold pieces
 28639 | Orc:2    | Identified the +5 hunting sling of Sloth {speed, Str+8
                  | Dex-3}
 29577 | Lair:4   | Killed a dire elephant
 29914 | Lair:4   | Learned a level 4 spell: Summon Lightning Spire
 29980 | Lair:6   | Entered Level 6 of the Lair of Beasts
 29995 | Lair:6   | Found an opulent altar of Gozag.
 30627 | Lair:6   | Reached skill level 5 in Air Magic
 31401 | Lair:6   | Found a staircase to the Slime Pits.
 31937 | Lair:6   | Learned a level 6 spell: Conjure Ball Lightning
 32161 | Lair:6   | Found a burning altar of Makhleb.
 32212 | Lair:6   | Reached XP level 15. HP: 22/159 MP: 7/30
 33209 | Lair:6   | Found a gateway to Hell.
 33210 | Lair:6   | Identified the cursed +1 fustibalus "Neithaw" {vorpal, +Inv
                  | rF- MR+ Stlth+}
 33245 | Lair:6   | Learned a level 8 spell: Infestation
 33528 | D:12     | Found Nyutiorph's Distillery.
 33529 | D:12     | Identified the cursed +1 quarterstaff "Pendulum" {vorpal,
                  | Dex+2}
 33690 | D:12     | Reached skill level 1 in Necromancy
 34050 | D:12     | Noticed Erolcha
 34056 | D:12     | Cast into level 2 of the Abyss (Erolcha)
 34174 | Abyss:2  | HP: 1/159 [spatial maelstrom (19)]
 34179 | Abyss:2  | Found a corrupted altar of Lugonu.
 34193 | Abyss:2  | HP: 7/159 [spatial maelstrom (6)]
 34193 | Abyss:2  | Mangled by a spatial maelstrom

Illustrated notes

Levels and vault maps discovered:
D:1:      lemuel_arrival_behind_the_door_large, layout_loops_ring
D:2:      layout_rooms, chequers_ecumenical_altar_simple_redux,
          nicolae_ru_awakened_eye
D:3:      layout_basic, uniq_sigmund
D:4:      layout_basic, lightli_sewer_entry_pipes, bloody_makhleb, uniq_ijyb
D:5:      layout_layer_cave, uniq_prince_ribbit1
D:6:      layout_basic, led_sif_book, temple_fountains
D:7:      layout_basic, eat_drink_and_be_merry_uskayaw,
          nicolae_overflow_hidden_temple, serial_shops,
          nicolae_shop_overgrown_old_shop
D:8:      layout_loops_corners, basic_altar, fedhas_altar_1
D:9:      layout_gridville, minivault_10
D:10:     layout_long_grid, orc_0_dummy, basic_altar, serial_shops,
          nicolae_shop_stone, palyth_stone_intersect
D:11:     layout_basic, erik_lair_dragon, serial_shops, shop,
          corexii_corridor_pit, minmay_diamond_spiral
D:12:     layout_cave_pods, serial_shops, nicolae_shop_trees,
          minmay_misc_feat_plants, uniq_erolcha
Temple:   nicolae_temple_elliptical
Lair:1:   layout_cave_pods, grunt_forest_large_clearings
Lair:2:   layout_roguey, spider_nest_entry_a, st_stairs_7, serial_bayou_shore_a
Lair:3:   layout_loops_ring, st_stairs_5, grunt_megastairs_1, uniq_rupert,
          uniq_urug
Lair:4:   gammafunk_lair_enchanted_lake, layout_gridlike,
          elwin_shoals_entry_rooms, special_room [special_room_bee],
          grunt_megastairs_5, lemuel_fruit_tree
Lair:5:   layout_misc_corridors, basic_altar, lemuel_oklob_altar,
          infiniplex_staircase_pool, grunt_megastairs_4
Lair:6:   evil_forest, layout_concentric_octagons,
          nicolae_slime_entry_slimehenge, basic_altar
Orc:1:    layout_caves, nicolae_orc_lost_temple
Orc:2:    st_orc_ogre_mass, layout_caves, basic_altar, serial_shops,
          nicolae_shop_window_shopping, uniq_josephine
Abyss:2:  base: Lair:6, evilmike_abyss_exit_mutagenic

Skill      XL: |  1  2  3  4  5  6  7  8  9 10 11 12 13 14 15 |
---------------+----------------------------------------------+-----
Ice Magic      | 4 5 7 8 |  8.7
Spellcasting   | 5 6 8 10 11 | 11.5
Summonings     | 3 |  3.0
Fighting       | 4 11 13 | 13.1
Dodging        | 3 6 9 |  9.7
Conjurations   | 2 3 6 |  6.4
Translocations | 2 |  2.0
Air Magic      | 2 8 |  8.3
Poison Magic   | 2 |  2.0
Long Blades    | 9 10 | 10.1
Evocations     | 4 |  4.2
Necromancy     | 4 |  4.4
Short Blades   | |  0.1
Stealth        | |  1.4

Action                   |  1- 3 |  4- 6 |  7- 9 | 10-12 | 13-15 || total
-------------------------+-------+-------+-------+-------+-------++-------
Melee: Unarmed           |    32 |       |       |       |       ||    32
       Dagger            |       |   104 |   300 |   398 |   354 ||  1156
       Long sword        |       |       |       |       |   251 ||   251
 Cast: Freeze            |    35 |     3 |       |     1 |     2 ||    41
       Frozen Ramparts   |     2 |     8 |    41 |    69 |    87 ||   207
       Summon Ice Beast  |       |       |    14 |    87 |    98 ||   199
       Apportation       |       |       |       |       |     1 ||     1
       Summon Lightning  |       |       |       |       |     7 ||     7
       Conjure Ball Ligh |       |       |       |       |     7 ||     7
Invok: Curse Item        |       |       |       |       |     6 ||     6
Evoke: Wand              |       |       |       |     3 |     2 ||     5
       Tin of tremorston |       |       |       |     2 |       ||     2
  Use: Scroll            |       |     7 |    10 |     8 |     5 ||    30
       Potion            |       |       |       |     7 |     6 ||    13
 Stab: Sleeping          |       |     1 |     1 |     1 |     7 ||    10
       Distracted        |       |       |     1 |     2 |     4 ||     7
       Petrified         |       |       |       |       |     1 ||     1
Armor: Robe              |    19 |    31 |    57 |    60 |    47 ||   214
Dodge: Dodged            |    51 |    63 |   207 |   445 |   589 ||  1355
       Rpst.: Long sword |       |       |       |       |    46 ||    46

Table legend: (Time is in decaauts)
 A = Elapsed time spent in this place.
 B = Non-inter-level travel time spent in this place.
 C = Inter-level travel time spent in this place.
 D = Time resting spent in this place.
 E = Time spent auto-exploring this place.
 F = Levels seen in this place.
 G = Mean time per level.
                   A        B        C        D        E       F      G
               +--------+--------+--------+--------+--------+-----+--------+
         Total |  34260 |  32156 |   2104 |   6851 |  19757 |  22 | 1557.3 |
       Dungeon |  17247 |  16091 |   1156 |   2205 |  11089 |  12 | 1437.2 |
        Temple |    147 |    126 |     21 |      0 |    112 |   1 |  147.0 |
          Lair |  13163 |  12394 |    769 |   3198 |   7329 |   6 | 2193.8 |
  Orcish Mines |   3567 |   3410 |    157 |   1448 |   1218 |   2 | 1783.5 |
         Abyss |    133 |    133 |      0 |      0 |      8 |   1 |  133.0 |
               +--------+--------+--------+--------+--------+-----+--------+

Top non-repeatable levels by time:
  Lair:6: 3041 daAuts
  Lair:4: 2926 daAuts
    D:11: 2589 daAuts
    D:10: 2463 daAuts
  Lair:3: 2251 daAuts
  Lair:1: 2002 daAuts
     D:9: 1839 daAuts
   Orc:2: 1784 daAuts
   Orc:1: 1782 daAuts
  Lair:2: 1613 daAuts
     D:4: 1576 daAuts
     D:6: 1458 daAuts
     D:8: 1405 daAuts
     D:5: 1394 daAuts
     D:1: 1372 daAuts
